 Dungeon Crawl Stone Soup version 0.24.0-1-gfbc8707 (webtiles) character file.

Game seed: 5960282870189139171, levelgen mode: deterministic

42060 edsrzf the Markscentaur (level 13, -10/113 HPs)
             Began as a Centaur Ice Elementalist on Oct 26, 2019.
             Was a High Priest of Wu Jian.
             Mangled by a wyvern (14 damage)
             ... on level 6 of the Lair of Beasts.
             The game lasted 01:04:53 (27235 turns).

edsrzf the Markscentaur (Centaur Ice Elementalist) Turns: 27235, Time: 01:04:55

Health: -10/113    AC: 12    Str: 15    XL:     13   Next: 83%
Magic:  15/17      EV:  7    Int: 14    God:    Wu Jian [*****.]
Gold:   898        SH:  0    Dex: 11    Spells: 14/15 levels left

rFire    . . .     SeeInvis .   a - +2 hand axe (elec)
rCold    . . .     Gourm    .   (no shield)
rNeg     . . .     Faith    .   S - +0 scale mail {MR+}
rPois    +         Spirit   .   (no helmet)
rElec    .         Reflect  .   H - +1 cloak
rCorr    .         Harm     .   C - +2 pair of gloves
MR       ++...                  (no barding)
Stlth    ..........             O - amulet of rage
HPRegen  0.28/turn              v - ring of protection from magic
MPRegen  0.15/turn              z - ring of poison resistance

@: exhausted, very slightly contaminated, very quick
A: large, hooves 3, deformed body, speed 2, tough skin 3
a: Wall Jump, Serpent's Lash, Heavenly Storm, Renounce Religion, Evoke Berserk
Rage


You were on level 6 of the Lair of Beasts.
You worshipped Wu Jian.
Wu Jian was extremely pleased with you.
You were not hungry.

You visited 3 branches of the dungeon, and saw 17 of its levels.
You also visited: Ice Cave.

You collected 1060 gold pieces.
You spent 162 gold pieces at shops.

Inventory:

Hand Weapons
 a - a +2 hand axe of electrocution (weapon)
 b - a +0 longbow
 B - the +4 trident of a Million Ghosts {chaos, +Rage rPois rN+ Stlth+}
   (You found it on level 4 of the Dungeon)

   Each time it hits an enemy it has a different, random effect.
   It protects you from poison.
   It protects you from negative energy.
   It lets you go berserk.
   It makes you more stealthy.
 D - a +2 whip of electrocution
 V - a +0 battleaxe of freezing
Missiles
 e - 3 curare-tipped darts (quivered)
 g - 412 stones
 m - 107 bolts
 o - 63 poisoned darts
 F - 6 throwing nets {=f}
 G - 5 javelins
 J - 4 boomerangs of dispersal
 K - 157 arrows
Armour
 k - a +1 shield of reflection
 C - a +2 pair of gloves (worn)
 H - a +1 cloak (worn)
 P - a +0 crystal plate armour
 S - a +0 scale mail of magic resistance (worn)
Jewellery
 p - an uncursed ring of see invisible
 r - an uncursed ring of protection from magic
 v - a ring of protection from magic (left hand)
 z - a ring of poison resistance (right hand)
 A - an uncursed ring of protection from cold
 O - an amulet of rage (around neck)
 U - an uncursed ring of ice
 W - an uncursed ring of protection from cold
 X - a +4 amulet of reflection
Wands
 q - a wand of disintegration (21)
 u - a wand of paralysis (6)
 L - a wand of flame (17)
 R - a wand of polymorph (10)
 Y - a wand of acid (14)
Scrolls
 f - 4 scrolls of enchant armour
 h - a scroll of fog
 j - 2 scrolls of magic mapping
 l - 2 scrolls of amnesia
 x - 2 scrolls of vulnerability
 y - 5 scrolls of teleportation {@r3}
 E - a scroll of enchant weapon
 Z - 3 scrolls of remove curse {@r2}
Potions
 d - a potion of cancellation
 i - 3 potions of mutation {!q}
 s - 3 potions of curing
 t - 2 potions of invisibility
 w - 3 potions of haste
 I - 2 potions of flight
 M - 3 potions of agility
 N - 3 potions of might
 Q - a potion of brilliance
Miscellaneous
 n - a sack of spiders
Comestibles
 c - 16 rations


   Skills:
 - Level 10.0 Fighting
 + Level 13.5 Axes
 - Level 16.2 Bows
 - Level 3.1 Armour
 - Level 1.3 Dodging
 - Level 1.1 Stealth
 - Level 1.5 Spellcasting
   Level 0.8 Conjurations
 - Level 5.2 Ice Magic
 - Level 6.2 Evocations


You had 14 spell levels left.
You knew the following spells:

 Your Spells              Type           Power        Failure   Level  Hunger
x - Freeze                Ice            ###.         11%         1    ##.....

Your spell library contained the following spells:

 Spells                   Type           Power        Failure   Level  Hunger
 Throw Frost              Conj/Ice       #.....       38%         2    ###....
 Magic Dart               Conj           #...         54%         1    ##.....
 Confusing Touch          Hex            #.....       67%         1    ##.....
 Infusion                 Chrm           #...         67%         1    ##.....
 Ozocubu's Armour         Chrm/Ice       #.......     67%         3    ####...
 Searing Ray              Conj           #.....       69%         2    ###....
 Shroud of Golubria       Chrm/Tloc      #.....       82%         2    ###....
 Song of Slaying          Chrm           #.......     82%         2    ###....
 Dazzling Spray           Conj/Hex       #.....       94%         3    ####...
 Throw Icicle             Conj/Ice       #.......     95%         4    #####..
 Confuse                  Hex            #.......     96%         3    ####...
 Gell's Gravitas          Tloc           #.........   96%         3    ####...
 Regeneration             Chrm/Necr      #.........   96%         3    ####...
 Spectral Weapon          Hex/Chrm       #.......     96%         3    ####...
 Ice Form                 Ice/Tmut       #.......     97%         4    #####..
 Summon Ice Beast         Ice/Summ       #.......     97%         4    #####..
 Force Lance              Conj/Tloc      #.......     100%        4    #####..
 Fulminant Prism          Conj/Hex       #.........   100%        4    #####..
 Iskenderun's Mystic Bla  Conj           #.......     100%        4    #####..
 Petrify                  Tmut/Erth      #.......     100%        4    #####..
 Bolt of Magma            Conj/Fire/Erth #.........   100%        5    ######.
 Iskenderun's Battlesphe  Conj/Chrm      #.......     100%        5    ######.
 Metabolic Englaciation   Hex/Ice        #.........   100%        5    ######.
 Venom Bolt               Conj/Pois      #.........   100%        5    ######.
 Yara's Violent Unravell  Hex/Tmut       #.........   100%        5    ######.
 Bolt of Cold             Conj/Ice       #.........   100%        6    #######
 Freezing Cloud           Conj/Ice/Air   #.........   100%        6    #######
 Iron Shot                Conj/Erth      #.........   100%        6    #######
 Ozocubu's Refrigeration  Ice            ###.......   100%        6    #######
 Simulacrum               Ice/Necr       #.........   100%        6    #######
 Orb of Destruction       Conj           #.........   100%        7    #######
 Spellforged Servitor     Conj/Summ      #.........   100%        7    #######


Dungeon Overview and Level Annotations

Branches:
Dungeon (10/15)            Temple (1/1) D:5            Lair (6/6) D:10
  Swamp (0/4) Lair:3        Snake (0/4) Lair:4        IceCv (visited)
  Slime: Lair:5-6       Orc: D:9-12

Altars:
Ashenzari
Cheibriados
Dithmenos
Elyvilon
Fedhas
Gozag
Hepliaklqana
Kikubaaqudgha
Makhleb
Nemelex Xobeh
Okawaru
Qazlal
Ru
Sif Muna
Trog
Uskayaw
Vehumet
Wu Jian
Xom
Yredelemnul
Zin
The Shining One
Beogh

Shops:
D:5 *   D:8 *   D:9 }

Annotations:
D:3 Grinder
Lair:2 3 runed translucent doors, Duaji's ghost, journeyman GrFi
Lair:5 Rupert


Innate Abilities, Weirdness & Mutations

You have hooves in place of feet.
Armour fits poorly on your strangely shaped body.
You cover ground very quickly.
You have extremely tough skin. (AC +3)


Message History

You hit the black mamba. You kick the black mamba.
The black mamba is heavily wounded.
You hit the plant but do no damage.
You feel sick. The black mamba bites you!
Casting: Freeze (safe; 11% risk of failure)
Confirm with . or Enter, or press ? or * to list all spells.
Aiming: Freeze (safe; 11% risk of failure)
Press: ? - help, Shift-Dir - straight line, f/p - black mamba
Aim: a black mamba (heavily wounded)
You freeze the black mamba.
The black mamba is heavily wounded.
You feel sick. The black mamba bites you.
The black mamba bites you but does no damage.
Casting: Freeze (safe; 11% risk of failure)
Confirm with . or Enter, or press ? or * to list all spells.
Aiming: Freeze (safe; 11% risk of failure)
Press: ? - help, Shift-Dir - straight line, f/p - black mamba
Aim: a black mamba (heavily wounded)
You miscast Freeze.
You are very lightly contaminated with residual magic.
Nothing appears to happen.
You feel sick.
The black mamba bites you but does no damage.
Casting: Freeze (safe; 11% risk of failure)
Confirm with . or Enter, or press ? or * to list all spells.
Aiming: Freeze (safe; 11% risk of failure)
Press: ? - help, Shift-Dir - straight line, f/p - black mamba
Aim: a black mamba (heavily wounded)
You freeze the black mamba.
The black mamba is heavily wounded.
You feel sick.
The black mamba bites you but does no damage.
A wyvern comes into view.
The black mamba bites you!
* * * LOW HITPOINT WARNING * * *
Casting: Freeze (safe; 11% risk of failure)
Confirm with . or Enter, or press ? or * to list all spells.
Aiming: Freeze (safe; 11% risk of failure)
Press: ? - help, Shift-Dir - straight line, f/p - black mamba
Aim: a black mamba (heavily wounded)
You freeze the black mamba.
The black mamba is severely wounded.
You feel sick. The black mamba completely misses you.
The black mamba bites you.
* * * LOW HITPOINT WARNING * * *
You barely miss the black mamba. Your kick misses the black mamba.
The black mamba is severely wounded.
You hit the plant but do no damage. Lightning courses through the plant!
You feel sick. The black mamba bites you.
* * * LOW HITPOINT WARNING * * *
You feel better. The black mamba barely misses you. The black mamba bites you.
* * * LOW HITPOINT WARNING * * *
Okay, then.
Unknown command.
Unknown command.
Your muscles tense, ready for explosive movement...
You slash the black mamba! Your kick misses the black mamba.
The black mamba is almost dead.
You hit the plant. The black mamba bites you!
* * * LOW HITPOINT WARNING * * *
Your supernatural speed expires.
Okay, then.
Evoke which item? (* to show all) (? for menu, Esc to quit)
Okay, then.
Evoke which item? (* to show all) (? for menu, Esc to quit)
Aiming: Iceblast
Press: ? - help, Shift-Dir - straight line, p - black mamba The mass of ice explodes!
The iceblast engulfs the black mamba!!
You kill the black mamba!
The Council accepts your kill.
The iceblast engulfs the plant!!
The plant is heavily damaged.
The iceblast engulfs the plant!
The plant is severely damaged.
The iceblast engulfs the plant!!
The plant is moderately damaged.
The iceblast engulfs the wyvern!
The wyvern is moderately wounded.
You hear an angry hiss.
You hear a croak.
Press: ? - help, v - describe, . - travel
Here: a wyvern (moderately wounded)
The floor.
Unknown command.
Okay, then.
Okay, then.
Okay, then.
Unknown command.
Okay, then.
Evoke which item? (* to show all) (? for menu, Esc to quit)
Okay, then.
Okay, then.
Evoke which item? (* to show all) (? for menu, Esc to quit)
Aiming: Iceblast
Press: ? - help, Shift-Dir - straight line, f - wyvern
Aim: a wyvern (moderately wounded)
The mass of ice explodes!
The iceblast engulfs the wyvern!!
The wyvern is almost dead.
The now-empty wand crumbles to dust.
You hear an angry hiss. x3; You hear an angry buzzing noise.
You hear an angry hiss.
You hear a loud, deep croak!
The wyvern bites you!
You die...

...#≈P... P..≈≈P≈
....≈≈ ...≈≈♣
..≈≈♣ .# ##P≈≈♣
≈P##
#.P≈P♣♣♣♣♣≈PP#
##.@P≈♣≈PP≈≈P≈
#..l.≈P≈P≈P≈≈#
#.........≈#
#P.##...P≈#≈ #
#### #....##
..###P######..#
.....P.#.###..#
.....P..#.##..##
#......%...#...##


You could see a wyvern.

Vanquished Creatures
  A frost giant (IceCv)
  6 hydras
  3 two-headed ogres
  4 death yaks (IceCv)
  Pikel (D:4)
  4 elephants
  6 black mambas
  2 torpor snails (Lair:3)
  8 spiny frogs
  5 rime drakes
  A kobold demonologist (D:9)
  4 komodo dragons
  A troll (D:10)
  16 polar bears
  8 blink frogs (Lair:5)
  5 hippogriffs
  33 yaks
  3 basilisks
  3 wyverns
  Grum (D:6)
  2 hungry ghosts
  5 porcupines
  17 water moccasins
  4 ice beasts
  4 orc warriors
  5 ogres
  5 phantoms
  19 wolves
  6 centaurs
  10 crocodiles
  3 big kobolds
  3 gnoll sergeants (D:6)
  23 bullfrogs
  4 scorpions
  5 killer bees (D:10)
  5 wights (D:9)
  A howler monkey (D:5)
  2 crimson imps
  2 centaur zombies
  3 jellies
  An iron imp (D:9)
  22 hounds
  4 orc priests
  3 bullfrog skeletons
  5 orc wizards
  2 gnoll shamans (D:6)
  2 iguanas (D:9)
  5 worker ants
  A hound skeleton (D:6)
  A howler monkey zombie (D:10)
  A worker ant zombie (D:10)
  48 gnolls
  11 adders
  3 shadow imps
  2 oozes
  2 adder skeletons
  An adder zombie (D:6)
  6 worms
  A dart slug (D:4)
  8 leopard geckos
  45 orcs
  10 giant cockroaches
  13 goblins
  8 hobgoblins
  16 jackals
  3 quokkas
  3 ball pythons
  5 bats
  7 frilled lizards
  2 hobgoblin zombies (D:9)
  19 kobolds
  2 kobold skeletons (D:9)
  2 kobold zombies (D:9)
  2 leopard gecko skeletons
  2 orc skeletons (D:9)
  2 orc zombies (D:9)
  2 quokka zombies
  9 rats
  2 fungi
  A plant (Lair:1)
527 creatures vanquished.

Vanquished Creatures (others)
  A bush (Lair:2)
  9 fungi
  10 plants
20 creatures vanquished.

Grand Total: 547 creatures vanquished

Notes
Turn   | Place    | Note
-------+----------+-------------------------------------------
     0 | D:1      | edsrzf the Centaur Ice Elementalist began the quest for the
                  | Orb.
     0 | D:1      | Reached XP level 1. HP: 14/14 MP: 3/3
   134 | D:1      | Reached skill level 3 in Ice Magic
   225 | D:1      | Reached XP level 2. HP: 20/20 MP: 0/4
   763 | D:1      | Reached XP level 3. HP: 22/26 MP: 0/5
  1051 | D:2      | Reached skill level 4 in Ice Magic
  2437 | D:3      | Reached XP level 4. HP: 31/33 MP: 2/6
  2790 | D:3      | Noticed Grinder
  2899 | D:4      | Reached skill level 5 in Ice Magic
  2899 | D:4      | Reached XP level 5. HP: 31/38 MP: 2/7
  2959 | D:4      | Noticed a slave
  2992 | D:3      | Identified 4 scrolls of identify
  2992 | D:3      | Identified 2 potions of flight
  2993 | D:3      | Identified 3 potions of heal wounds
  2994 | D:3      | Identified a potion of cancellation
  2995 | D:3      | Identified a potion of mutation
  3221 | D:3      | Reached skill level 1 in Fighting
  3240 | D:3      | Reached skill level 2 in Fighting
  3742 | D:4      | Got a steaming trident
  3743 | D:4      | Identified the +4 trident of a Million Ghosts {chaos, +Rage
                  | rPois rN+ Stlth+} (You found it on level 4 of the Dungeon)
  3763 | D:4      | Reached skill level 3 in Fighting
  3988 | D:4      | Noticed Pikel
  3989 | D:4      | Noticed a slave
  3999 | D:4      | Killed Pikel
  3999 | D:4      | Reached skill level 6 in Fighting
  3999 | D:4      | Reached XP level 6. HP: 53/57 MP: 5/8
  3999 | D:4      | Reached XP level 7. HP: 59/63 MP: 5/9
  4203 | D:5      | Entered Level 5 of the Dungeon
  4203 | D:5      | Found a staircase to the Ecumenical Temple.
  4484 | D:5      | Reached skill level 7 in Fighting
  4722 | Temple   | Entered the Ecumenical Temple
  4858 | Temple   | Became a worshipper of the Wu Jian Council
  4923 | D:5      | Found Giwkod's General Store.
  5312 | D:5      | Reached XP level 8. HP: 13/74 MP: 1/10
  5787 | D:6      | Reached skill level 8 in Fighting
  5787 | D:6      | Reached skill level 1 in Bows
  5793 | D:5      | Reached * piety under Wu Jian
  5809 | D:6      | Reached skill level 2 in Bows
  5811 | D:6      | Reached skill level 3 in Bows
  6146 | D:5      | HP: 3/75 [orc warrior/+0 mace of protection (18)]
  6155 | D:5      | Reached skill level 4 in Bows
  6527 | D:6      | Reached skill level 5 in Bows
  6527 | D:6      | Reached skill level 9 in Fighting
  6707 | D:6      | Identified a potion of degeneration
  6798 | D:6      | Reached skill level 6 in Bows
  6963 | D:6      | Reached ** piety under Wu Jian
  6963 | D:6      | Reached XP level 9. HP: 46/83 MP: 11/11
  7069 | D:6      | Identified a potion of curing
  7475 | D:6      | Reached skill level 7 in Bows
  8027 | D:6      | Reached skill level 10 in Fighting
  8036 | D:6      | Reached skill level 8 in Bows
  8226 | D:6      | Identified 3 scrolls of enchant armour
  8227 | D:6      | Identified 3 scrolls of immolation
  8228 | D:6      | Identified 3 scrolls of amnesia
  8229 | D:6      | Identified 2 scrolls of magic mapping
  8230 | D:6      | Identified 4 scrolls of teleportation
  8231 | D:6      | Identified 2 scrolls of remove curse
  8272 | D:6      | Identified a potion of haste
  8283 | D:6      | Noticed Grum
  8289 | D:6      | Killed Grum
  8289 | D:6      | Reached skill level 9 in Bows
  8585 | D:6      | Found a bloodstained altar of Trog.
  8632 | D:7      | Reached skill level 10 in Bows
  8935 | D:7      | Reached *** piety under Wu Jian
  9182 | D:7      | Reached skill level 11 in Bows
  9607 | D:7      | Reached XP level 10. HP: 82/93 MP: 10/12
  9865 | D:8      | Noticed a two-headed ogre
  9907 | D:8      | Killed a two-headed ogre
  9907 | D:8      | Reached skill level 12 in Bows
 10182 | D:8      | Identified a potion of agility
 10318 | D:8      | Reached skill level 13 in Bows
 10589 | D:8      | Found Woqy's Assorted Antiques.
 10594 | D:8      | Bought a scroll labeled FYREMA QULUT for 27 gold pieces
 10594 | D:8      | Bought a twisted platinum amulet for 135 gold pieces
 10691 | D:8      | Reached **** piety under Wu Jian
 10708 | D:8      | Identified a potion of might
 10834 | D:8      | Reached skill level 1 in Evocations
 11149 | D:9      | Found a glowing golden altar of the Shining One.
 11166 | D:9      | Reached skill level 2 in Evocations
 11317 | D:9      | Found Yzutuplino's Gadget Boutique.
 11467 | D:9      | Noticed a two-headed ogre
 11763 | D:9      | Reached skill level 3 in Evocations
 11766 | D:9      | HP: 3/93 [two-headed ogre/+0 giant club (11)]
 12008 | D:9      | Killed a two-headed ogre
 12008 | D:9      | Reached skill level 14 in Bows
 12008 | D:9      | Reached skill level 4 in Evocations
 12060 | D:9      | Noticed a two-headed ogre
 12092 | D:9      | Killed a two-headed ogre
 12092 | D:9      | Reached XP level 11. HP: 47/99 MP: 14/14
 12801 | D:10     | Entered Level 10 of the Dungeon
 12825 | D:10     | Reached skill level 5 in Evocations
 13151 | D:10     | Reached ***** piety under Wu Jian
 13501 | D:10     | Found a roughly hewn altar of Beogh.
 13589 | D:10     | Identified a potion of brilliance
 13630 | D:10     | Found a staircase to the Lair.
 13650 | D:10     | Reached skill level 15 in Bows
 13679 | D:10     | HP: 1/148 [centaur (8)]
 14047 | D:10     | Reached skill level 6 in Evocations
 14473 | Lair:1   | Entered Level 1 of the Lair of Beasts
 14758 | Lair:1   | Found a frozen archway.
 14777 | IceCv    | Entered an ice cave
 14821 | IceCv    | Reached skill level 1 in Armour
 15631 | IceCv    | Noticed a death yak
 15707 | IceCv    | Killed a death yak
 15707 | IceCv    | Reached skill level 2 in Armour
 16000 | IceCv    | Reached skill level 16 in Bows
 16176 | IceCv    | Reached skill level 3 in Armour
 16184 | IceCv    | Reached skill level 1 in Axes
 16384 | IceCv    | Reached skill level 2 in Axes
 16691 | IceCv    | Reached skill level 3 in Axes
 16772 | IceCv    | Reached XP level 12. HP: 38/106 MP: 16/16
 16906 | IceCv    | Reached skill level 4 in Axes
 17678 | IceCv    | Noticed a death yak
 17678 | IceCv    | Noticed a death yak
 17691 | IceCv    | Reached skill level 5 in Axes
 17695 | IceCv    | Killed a death yak
 17712 | IceCv    | Killed a death yak
 17712 | IceCv    | Reached skill level 6 in Axes
 17721 | IceCv    | HP: 3/106 [polar bear (7)]
 18123 | IceCv    | Noticed a frost giant
 18123 | IceCv    | Noticed a death yak
 18139 | IceCv    | Killed a death yak
 18139 | IceCv    | Reached skill level 7 in Axes
 18147 | IceCv    | Killed a frost giant
 18165 | IceCv    | Reached skill level 8 in Axes
 18963 | Lair:1   | Noticed an eight-headed hydra
 19016 | Lair:2   | Reached skill level 9 in Axes
 19645 | Lair:1   | Killed a ten-headed hydra
 20104 | Lair:1   | Identified a scroll of noise
 20843 | Lair:1   | Reached skill level 10 in Axes
 21653 | Lair:2   | Found a runed translucent gate.
 21653 | Lair:2   | Found a runed translucent gate.
 21654 | Lair:2   | Noticed Duaji's ghost (journeyman GrFi)
 21655 | Lair:2   | Found a runed translucent gate.
 21720 | Lair:2   | Reached XP level 13. HP: 86/113 MP: 17/17
 21942 | Lair:2   | Identified a scroll of vulnerability
 21979 | Lair:2   | Identified 2 scrolls of random uselessness
 22897 | Lair:3   | Reached skill level 11 in Axes
 23943 | Lair:3   | Found a staircase to the Swamp.
 23987 | Lair:3   | Identified a scroll of enchant weapon
 24132 | Lair:3   | Reached skill level 12 in Axes
 24865 | Lair:4   | Found a staircase to the Snake Pit.
 25007 | Lair:4   | Identified 2 scrolls of fog
 25008 | Lair:4   | Identified a scroll of holy word
 25218 | Lair:4   | Identified a scroll of fear
 26104 | Lair:5   | Noticed Rupert
 26743 | Lair:5   | Reached skill level 13 in Axes
 27050 | Lair:6   | Entered Level 6 of the Lair of Beasts
 27224 | Lair:6   | HP: 1/113 [black mamba (14)]
 27235 | Lair:6   | Mangled by a wyvern

Levels and vault maps discovered:
D:1:      mainiacjoe_arrival_reflecting_pool, layout_rooms
D:2:      layout_rooms, first_ration
D:3:      layout_rooms, serial_rivers, chequers_serial_rivers_micro_e,
          chequers_serial_rivers_micro_d, chequers_serial_rivers_small_3,
          chequers_serial_rivers_room_b, chequers_serial_rivers_large_a,
          chequers_serial_rivers_small_b, minmay_divided_ellipse, uniq_grinder
D:4:      layout_basic, uniq_pikel
D:5:      layout_loops_cross, minmay_temple_entry_mist, serial_shops,
          shop_statue
D:6:      layout_cave_pools, lightli_temple_of_fire, serial_gnoll_camp,
          gnoll_camp_medium_02, gnoll_camp_huts_moat, grums_kennel,
          gnoll_camp_mini_doghouse, gnoll_camp_mini_doghouse,
          gnoll_camp_mini_hut, minmay_misc_feat_five,
          chequers_serial_rivers_large_b
D:7:      layout_basic
D:8:      layout_loops_corners, serial_shops, shop
D:9:      kennysheep_ambush_hall, layout_basic, nicolae_tso_besieged_by_evil,
          serial_shops, kennysheep_little_box
D:10:     layout_roguey, david_lair_generic, special_room [special_room_orc]
Temple:   regret_index_temple_chain_breaker
Lair:1:   layout_hall_layers, portal_ice_cave_entry_pillars_2
Lair:2:   layout_loops_ring, ebering_ghost_rock_garden,
          chequers_serial_rivers_micro_d, beast_lair_carwin_7,
          grunt_megastairs_5, serial_bayou_shore_b
Lair:3:   layout_cave_pods, swamp_mist, grunt_forest_small_clearing_treed
Lair:4:   layout_gridlike, minmay_snake_entry_six_corridors,
          minmay_lair_drake_nest, infiniplex_staircase_pool_2
Lair:5:   layout_small_grid, chequers_serial_rivers_micro_c, uniq_rupert
Lair:6:   hangedman_lair_tendril_chambers, layout_cave_pods, slime_altar_1,
          gammafunk_ghost_hive, serial_bayou_pond_c

Skill      XL: |  1  2  3  4  5  6  7  8  9 10 11 12 13 |
---------------+----------------------------------------+-----
Ice Magic      | 3 4 5 |  5.2
Fighting       | 6 7 9 10 | 10.0
Bows           | 6 11 14 16 | 16.2
Evocations     | 4 6 |  6.2
Armour         | 3 |  3.1
Axes           | 3 10 13 | 13.5
Dodging        | |  1.3
Stealth        | |  1.1
Spellcasting   | |  1.5
Conjurations   | |  0.8

Action                   |  1- 3 |  4- 6 |  7- 9 | 10-12 | 13-15 || total
-------------------------+-------+-------+-------+-------+-------++-------
Melee: Unarmed           |    10 |       |       |       |       ||    10
       Mace              |     2 |     8 |       |       |       ||    10
       Hand axe          |       |    24 |   265 |   697 |   257 ||  1243
       Kick              |       |     5 |    52 |   158 |    59 ||   274
       Longbow           |       |       |       |     1 |       ||     1
 Fire: Longbow           |       |       |     3 |   174 |   179 ||   356
Throw: Stone             |     1 |     1 |       |       |       ||     2
       Dart              |       |       |    24 |    18 |       ||    42
       Javelin           |       |       |     1 |       |       ||     1
       Throwing net      |       |       |       |     5 |       ||     5
 Cast: Freeze            |    83 |    63 |   121 |    73 |     8 ||   348
Invok: Lunge             |       |       |    10 |    13 |     8 ||    31
       Whirlwind         |       |       |    12 |    17 |     3 ||    32
       Serpent's Lash    |       |       |       |     5 |     2 ||     7
 Abil: Wall Jump         |       |       |     1 |     1 |       ||     2
       Evoke Berserk Rag |       |       |       |     7 |     1 ||     8
Evoke: Wand              |       |     3 |     1 |     6 |     5 ||    15
  Use: Scroll            |       |     4 |     9 |     7 |     7 ||    27
       Potion            |       |       |     1 |    11 |     1 ||    13
 Stab: Sleeping          |       |       |       |     1 |       ||     1
  Eat: Chunk             |     5 |     7 |    20 |    29 |     9 ||    70
       Ration            |       |       |     1 |     5 |     2 ||     8
Armor: Robe              |    24 |    22 |   199 |   186 |       ||   431
       Scale mail        |       |       |       |   259 |    97 ||   356
Dodge: Dodged            |    33 |    40 |   229 |   412 |    69 ||   783
